 Dungeon Crawl Stone Soup version 0.26-a0-491-g70697cc071 (webtiles) character file.

Game seed: 9032469749552490672

79 Devinter the Poker (level 4, -2/34 HPs)
             Began as a Merfolk Warper on Aug 5, 2020.
             Killed by divine providence
             ... invoked by an orc priest
              (10 damage)
             ... on level 3 of the Dungeon.
             The game lasted 00:12:09 (1907 turns).

Devinter the Poker (Merfolk Warper)                 Turns: 1907, Time: 00:12:10

Health: -2/34      AC:  7    Str: 11    XL:     4   Next: 38%
Magic:  2/7        EV: 12    Int: 13    God:
Gold:   116        SH:  0    Dex: 13    Spells: 2/7 levels left

rFire    . . .     SeeInvis .   u - +0 glaive
rCold    . . .     Faith    .   (shield currently unavailable)
rNeg     . . .     Spirit   .   b - +0 leather armour
rPois    .         Reflect  .   (no helmet)
rElec    .         Harm     .   (no cloak)
rCorr    .                      (no gloves)
MR       .....                  (no boots)
Stlth    +.........             (no amulet)
HPRegen  0.11/turn              w - ring of wizardry
MPRegen  0.10/turn              v - +4 ring of protection

@: mighty, stab, lightly drained
A: change form in water, swift swim, stealthy swim
a: no special abilities


You were on level 3 of the Dungeon.
You visited 1 branch of the dungeon, and saw 3 of its levels.

You collected 116 gold pieces.

Inventory:

Hand Weapons
 a - a +0 spear
 j - a +0 dagger of speed
 u - a +0 glaive (weapon)
Missiles
 c - 6 javelins
 e - 5 boomerangs of dispersal (quivered)
 f - 14 arrows
 p - 37 bolts
Armour
 b - a +0 leather armour (worn)
 n - a +0 chain mail
Jewellery
 h - an uncursed ring of positive energy
 v - a +4 ring of protection (right hand)
 w - a ring of wizardry (left hand)
Scrolls
 d - a scroll of blinking
 g - 2 scrolls of enchant weapon {unknown}
 i - 4 scrolls of remove curse {unknown}
 l - 2 scrolls of identify {unknown}
 m - 2 scrolls of magic mapping {unknown}
 q - a scroll of fog {unknown}
 t - 3 scrolls of teleportation {unknown}
 x - a scroll of noise {unknown}
Potions
 k - a potion of stabbing
 o - a potion of lignification {unknown}
 r - a potion of flight {unknown}
 s - a potion of might


   Skills:
 + Level 2.8(2.5) Fighting
 * Level 4.7(4.4) Polearms
 - Level 1.0(0.7) Throwing
 - Level 1.0(0.7) Armour
 - Level 3.0(2.7) Dodging
 + Level 2.4(2.1) Spellcasting
 + Level 2.7(2.4) Translocations


You had 2 spell levels left.
You knew the following spells:

 Your Spells              Type           Power        Failure   Level
a - Blink                 Tloc           N/A          8%          2
b - Gell's Gravitas       Tloc           #.........   16%         3

Your spell library contained the following spells:

 Spells                   Type           Power        Failure   Level
 Lesser Beckoning         Tloc           #.........   16%         3
 Teleport Other           Tloc           #.......     16%         3
 Passage of Golubria      Tloc           N/A          43%         4


Dungeon Overview and Level Annotations

Branches:
Dungeon (3/15)

Altars:


Message History

The hobgoblin closely misses you. The orc hits you but does no damage.
Your magical contamination has completely faded away.
It was a potion of might.
You feel very mighty all of a sudden.
The orc priest hits you with a +0 dagger.
The hobgoblin misses you. The orc barely misses you. The orc misses you.
You closely miss the orc priest. The hobgoblin misses you.
The orc priest barely misses you. The hobgoblin hits you.
* * * LOW HITPOINT WARNING * * *
The orc hits you with a +0 mace of draining.
* * * LOW HITPOINT WARNING * * *
You feel drained. The orc barely misses you. The hobgoblin barely misses you.
The orc priest begins to cast a cantrip, but forgets the words!
The hobgoblin barely misses you.
You closely miss the orc priest. The orc misses you. The orc barely misses you.
The hobgoblin hits you but does no damage.
The orc priest calls down the wrath of Beogh upon you.
Beogh smites you!
You die...

#.###.###################...##
#.......†.....................
#.###.####################..#.
####.#...# ############# ##.#.
.......### #.........$.. #...
####.#######............ #...
#.......'............ #...
#########............ #.#.
#..†o@o$..... #.#.
#..†ogg...... #.##
#............ #...
#..........?. ####
#............ # #########.###
##### ... ...... .. ######


You could see an orc priest, 2 orcs and 2 hobgoblins.

Vanquished Creatures
  An adder (D:3)
  An ooze (D:3)
  2 dart slugs (D:2)
  A leopard gecko (D:2)
  2 orcs (D:3)
  3 bats
  4 giant cockroaches
  6 goblins
  9 hobgoblins
  3 jackals (D:1)
  7 kobolds
  3 quokkas
  3 frilled lizards
  8 rats
53 creatures vanquished.

Notes
Turn   | Place    | Note
-------+----------+-------------------------------------------
     0 | D:1      | Devinter the Merfolk Warper began the quest for the Orb.
     0 | D:1      | Reached XP level 1. HP: 16/16 MP: 3/3
   179 | D:1      | Reached XP level 2. HP: 21/23 MP: 5/5
   194 | D:1      | Learned a level 2 spell: Blink
   314 | D:1      | Reached skill level 1 in Armour
   314 | D:1      | Reached skill level 3 in Dodging
   406 | D:1      | Reached XP level 3. HP: 28/28 MP: 6/6
   411 | D:1      | Learned a level 3 spell: Gell's Gravitas
   551 | D:1      | Reached skill level 4 in Polearms
  1590 | D:3      | Reached XP level 4. HP: 34/34 MP: 7/7
  1907 | D:3      | Killed from afar by an orc priest

Illustrated notes

Levels and vault maps discovered:
D:1:      saegor_arrival_simple_c, layout_basic
D:2:      layout_loops_ring
D:3:      layout_basic

Skill      XL: |  1  2  3 |
---------------+----------+-----
Armour         | 1 |  1.0
Dodging        | 3 |  3.0
Polearms       | 4 |  4.7
Fighting       | |  2.8
Throwing       | |  1.0
Spellcasting   | |  2.4
Translocations | |  2.7

Action                   |  1- 3 |  4- 6 || total
-------------------------+-------+-------++-------
Melee: Spear             |   151 |       ||   151
       Glaive            |    13 |    26 ||    39
 Cast: Blink             |       |     2 ||     2
  Use: Potion            |       |     2 ||     2
 Stab: Sleeping          |     3 |       ||     3
Armor: Leather armour    |    26 |    17 ||    43
Dodge: Dodged            |    72 |    18 ||    90

Table legend: (Time is in decaauts)
 A = Elapsed time spent in this place.
 B = Non-inter-level travel time spent in this place.
 C = Inter-level travel time spent in this place.
 D = Time resting spent in this place.
 E = Time spent auto-exploring this place.
 F = Levels seen in this place.
 G = Mean time per level.
                   A        B        C        D        E       F      G
               +--------+--------+--------+--------+--------+-----+--------+
         Total |   1908 |   1824 |     84 |    371 |    409 |   3 |  636.0 |
       Dungeon |   1908 |   1824 |     84 |    371 |    409 |   3 |  636.0 |
               +--------+--------+--------+--------+--------+-----+--------+

Top non-repeatable levels by time:
     D:2: 825 daAuts
     D:1: 746 daAuts
     D:3: 336 daAuts
